Map: Ice and Chrome LE

Players

JimRising - Winner!

  • Race: Zerg Zerg
  • League: Grandmaster
  • Spawn Location: 7:00

Darkness

  • Race: Protoss Protoss
  • League: Grandmaster
  • Spawn Location: 1:00

Event: DreamHack SC2 Masters 2020 Summer Latin America

VOD

Have the link to the VOD?

Description

Time

  • Played on: June 24, 2020, 3:33 p.m.
  • Length: 18:20

All games in this series

Show
View Real Time Build Order
Export as new Build Order

JimRising Zerg - Winner!

Build Orders: Hatch First 

Get SALT Encoding   

  12  0:00  Drone  
  13  0:12  Overlord  
  13  0:16  Drone  
  14  0:30  Drone x2  
  16  0:48  Hatchery  
  15  0:51  Drone  
  15  0:54  Drone  
  17  0:58  Drone  
  17  1:04  Extractor  
  17  1:17  Spawning Pool  
  17  1:18  Drone  
  17  1:20  Drone  
  18  1:28  Drone  
  19  1:39  Drone  
  20  1:49  Overlord  
  20  2:04  Queen x2  
  20  2:06  Zergling x4  
  26  2:08  Metabolic Boost  
  26  2:12  Drone  
  26  2:14  Drone  
  28  2:21  Drone x2  
  30  2:31  Drone  
  30  2:32  Drone  
  32  2:45  Hatchery  
  31  2:51  Overlord  
  31  2:55  Drone x3  
  34  3:04  Queen  
  34  3:05  Overlord  
  35  3:14  Drone x5  
  40  3:20  Overlord  
  40  3:22  Drone  
  40  3:23  Drone  
  42  3:27  Overlord  
  42  3:30  Spore Crawler  
  41  3:34  Spore Crawler  
  41  3:39  Drone  
  41  3:40  Drone  
  42  3:42  Evolution Chamber  
  42  3:45  Queen  
  42  3:47  Drone  
  44  3:49  Drone  
  44  3:54  Overlord  
  45  3:56  Drone  
  46  4:10  Zerg Melee Weapons Level 1, Spore Crawler, Zergling x2  
  46  4:11  Zergling x10  
  46  4:14  Zergling x2  
  52  4:17  Zergling x6  
  52  4:21  Zergling x4  
  57  4:25  Queen  
  57  4:27  Drone  
  57  4:28  Drone  
  61  4:31  Drone x2  
  61  4:33  Drone  
  61  4:35  Drone  
  61  4:36  Drone  
  66  4:40  Overlord  
  66  4:43  Overlord  
  66  4:51  Baneling Nest  
  65  4:52  Drone  
  65  4:55  Evolution Chamber  
  65  4:57  Drone x2  
  65  4:59  Overlord  
  66  5:00  Drone x3  
  66  5:04  Lair  
  69  5:14  Drone  
  69  5:15  Drone x3  
  69  5:17  Drone, Queen  
  69  5:18  Extractor  
  74  5:27  Drone  
  74  5:28  Drone x3  
  76  5:30  Drone x2  
  76  5:31  Drone  
  76  5:32  Extractor  
  76  5:33  Extractor  
  76  5:34  Roach Warren, Zerg Ground Armor Level 1  
  76  5:41  Zergling x10  
  81  5:47  Overlord  
  81  5:49  Drone x3  
  84  5:50  Drone x2  
  86  5:57  Overlord x3  
  86  6:04  Centrifical Hooks  
  86  6:10  Drone x2  
  84  6:15  Drone x2  
  84  6:16  Drone  
  84  6:17  Roach x6  
  89  6:45  Roach x2  
  89  6:46  Roach x5  
  100  6:49  Glial Reconstitution  
  100  6:51  Drone, Extractor  
  100  6:52  Drone  
  100  6:54  Extractor  
  100  6:56  Drone x5  
  100  6:57  Drone  
  100  6:58  Zerg Melee Weapons Level 2  
  100  7:00  Zergling x2  
  107  7:05  Overseer  
  107  7:06  Hatchery, Zergling x4  
  108  7:10  Zergling x2  
  109  7:17  Drone  
  109  7:19  Zergling x12  
  109  7:20  Infestation Pit, Zergling x2  
  116  7:27  Roach  
  116  7:28  Ravager x3  
  121  7:41  Overlord x5  
  121  7:45  Baneling x11  
  121  7:49  Zergling x2  
  121  7:50  Overlord x2  
  121  7:59  Ravager x3  
  121  8:00  Zergling x6  
  121  8:01  Zergling x8  
  121  8:03  Drone  
  132  8:06  Hatchery  
  132  8:09  Baneling x6  
  131  8:13  Drone  
  131  8:14  Drone x6  
  131  8:17  Hive  
  131  8:18  Zergling x6  
  131  8:19  Zergling x6  
  144  8:25  Drone x2  
  146  8:31  Zerg Ground Armor Level 2  
  145  8:37  Drone x4  
  145  8:40  Zergling x2  
  145  8:41  Zergling x14  
  154  8:48  Extractor  
  155  8:54  Extractor  
  152  8:56  Drone x3  
  152  8:57  Drone x3  
  152  9:00  Zergling x4  
  160  9:04  Baneling  
  160  9:05  Baneling x18  
  160  9:14  Zergling x4  
  160  9:15  Ravager  
  160  9:16  Ravager x2, Overlord  
  160  9:17  Overlord  
  165  9:31  Hatchery  
  165  9:36  Adrenal Glands  
  165  9:37  Zerg Melee Weapons Level 3  
  162  9:42  Zergling x10  
  162  9:43  Zergling x38  
  185  9:55  Zergling x10  
  190  10:01  Baneling x11  
  190  10:02  Baneling x9  
  182  10:16  Ultralisk Cavern  
  182  10:18  Drone  
  182  10:21  Drone x13  
  184  10:37  Spire  
  183  10:42  Spine Crawler  
  183  10:45  Spine Crawler  
  183  10:46  Spine Crawler  
  183  10:48  Zerg Ground Armor Level 3  
  178  10:58  Drone x3  
  178  10:59  Zergling x6  
  178  11:00  Baneling x2  
  178  11:01  Baneling x3  
  183  11:04  Drone  
  183  11:05  Chitinous Plating  
  183  11:06  Ultralisk  
  183  11:09  Hatchery  
  188  11:20  Zergling x6  
  161  11:37  Ultralisk  
  161  11:38  Ultralisk x2  
  161  11:39  Zergling x2  
  148  11:40  Zergling x36  
  148  11:41  Zergling x2  
  148  11:44  Overseer  
  163  11:48  Drone  
  163  11:49  Drone x2  
  163  11:51  Drone  
  163  11:52  Spine Crawler  
  166  12:06  Ultralisk, Spine Crawler  
  171  12:09  Spore Crawler, Spine Crawler x2  
  171  12:15  Corruptor x3  
  172  12:24  Anabolic Synthesis  
  176  12:30  Ultralisk  
  175  12:38  Pneumatized Carapace  
  175  12:47  Pathogen Glands  
  172  13:05  Baneling  
  172  13:06  Baneling x14  
  172  13:08  Baneling  
  172  13:09  Baneling x7  
  172  13:10  Baneling x7, Extractor  
  172  13:11  Baneling, Zergling x2  
  172  13:12  Zergling x28  
  186  13:13  Extractor, Zergling x6  
  187  13:23  Spore Crawler  
  185  13:27  Drone x3, Spore Crawler, Spine Crawler  
  185  13:28  Drone x3  
  185  13:30  Spore Crawler  
  185  13:31  Spine Crawler  
  180  13:34  Ultralisk  
  180  13:38  Zergling x8  
  180  13:40  Baneling x3  
  184  13:50  Ultralisk  
  157  14:09  Ultralisk x3  
  147  14:10  Zergling x8  
  147  14:15  Zergling x4  
  145  14:29  Corruptor  
  145  14:30  Zergling x8  
  157  14:31  Ultralisk  
  157  14:32  Infestor x2, Zergling x4  
  163  14:44  Drone x3  
  166  14:48  Ultralisk x2  
  178  14:54  Infestor  
  181  15:07  Drone x5  
  179  15:28  Ultralisk x2, Zergling x4  
  187  15:29  Zergling x4  
  187  15:31  Greater Spire  
  187  15:33  Zergling x6  
  193  15:41  Zergling x6  
  193  15:42  Zergling x8  
  198  15:45  Drone x2  
  198  15:47  Spine Crawler  
  198  15:48  Drone  
  200  15:50  Baneling x2  
  200  15:51  Baneling x2  
  160  16:31  Ultralisk x2  
  160  16:32  Ultralisk, Infestor  
  166  16:33  Infestor x2  
  166  16:36  Zergling x2  
  169  16:43  Zergling x2  
  169  16:44  Zergling x44  
  179  16:57  Brood Lord x4  
  185  17:18  Ultralisk x2  
  185  17:19  Zergling x10  
  185  17:20  Zergling x4  
  187  17:31  Ultralisk x2  
  187  17:33  Ultralisk, Zergling x2  
  194  17:41  Hatchery  
  152  17:44  Zergling x2  
  152  17:45  Zergling x36  
  152  17:46  Zergling x2  
  164  17:57  Zergling x4  
Show
View Real Time Build Order
Export as new Build Order

Darkness Protoss 

Build Orders: 1 Gate Expand, Oracle Opening 

Get SALT Encoding   

  12  0:00  Probe  
  13  0:13  Probe  
  14  0:19  Pylon  
  14  0:25  Probe  
  15  0:33  Probe  
  15  0:39  Gateway  
  15  0:41  Probe  
  16  0:48  Assimilator  
  17  0:51  Probe  
  18  1:03  Probe  
  19  1:15  Probe  
  20  1:26  Nexus  
  20  1:35  Cybernetics Core  
  20  1:38  Probe  
  21  1:44  Assimilator  
  21  1:50  Probe  
  21  1:52  Pylon  
  22  2:02  Probe  
  22  2:05  Adept  
  23  2:13  Warp Gate  
  23  2:14  Probe  
  26  2:26  Probe  
  27  2:32  Stalker  
  27  2:35  Stargate  
  26  2:38  Probe x2  
  30  2:48  Gateway  
  30  2:50  Probe  
  30  2:51  Probe  
  32  3:01  Adept  
  32  3:02  Probe  
  32  3:03  Probe  
  36  3:09  Oracle  
  36  3:14  Probe  
  36  3:15  Probe  
  36  3:19  Pylon  
  38  3:26  Probe  
  42  3:27  Probe  
  42  3:30  Pylon  
  43  3:35  Assimilator  
  43  3:38  Probe  
  43  3:39  Oracle, Probe  
  48  3:51  Probe x2  
  50  4:01  Adept x2  
  54  4:03  Probe x2  
  56  4:15  Robotics Facility, Probe x2  
  56  4:16  Pylon  
  58  4:20  Pylon  
  58  4:27  Probe x2  
  58  4:30  Nexus  
  60  4:36  Sentry x2  
  64  4:39  Probe x2  
  64  4:43  Shield Battery  
  66  4:50  Phoenix  
  66  4:51  Probe  
  66  4:52  Probe  
  70  4:53  Assimilator  
  70  4:58  Observer  
  70  5:03  Probe  
  70  5:04  Probe  
  73  5:09  Twilight Council  
  73  5:10  Shield Battery  
  73  5:13  Forge  
  73  5:15  Probe  
  73  5:16  Probe  
  75  5:27  Probe  
  76  5:31  Protoss Ground Weapons Level 1  
  76  5:32  Pylon  
  76  5:34  Gateway, Probe  
  76  5:35  Gateway  
  77  5:36  Blink  
  77  5:39  Immortal, Probe  
  82  5:45  Sentry x2, Probe  
  82  5:46  Probe  
  88  5:52  Probe  
  88  5:54  Gateway  
  88  5:55  Gateway  
  89  5:58  Probe  
  90  6:11  Probe x2  
  90  6:14  Immortal  
  94  6:34  Zealot x3  
  94  6:36  Probe  
  94  6:37  Probe  
  90  6:50  Probe  
  90  6:52  Assimilator  
  90  6:53  Immortal, Assimilator, Pylon  
  95  6:55  Pylon  
  95  6:58  Stalker x3  
  101  7:03  Gateway  
  101  7:07  Pylon  
  101  7:11  Pylon, Probe x2  
  101  7:12  Sentry x2, Protoss Ground Weapons Level 2  
  101  7:13  Sentry  
  109  7:20  Photon Cannon, Probe  
  109  7:22  Pylon  
  110  7:23  Probe  
  110  7:26  Pylon  
  110  7:27  Pylon  
  111  7:34  Immortal  
  111  7:37  Stalker x6  
  124  7:53  Pylon  
  124  7:55  Pylon  
  124  8:13  Stalker x3  
  124  8:14  Stalker x4, Nexus  
  124  8:15  Pylon  
  124  8:18  Warp Prism  
  140  8:20  Charge  
  140  8:26  Photon Cannon  
  140  8:28  Photon Cannon  
  140  8:38  Probe x2  
  142  8:46  Photon Cannon  
  142  8:48  Photon Cannon, Dark Shrine  
  142  8:49  Shield Battery  
  142  8:50  Photon Cannon  
  142  8:56  Probe x2  
  142  9:07  Probe  
  142  9:08  Probe  
  144  9:11  Gateway x2  
  144  9:12  Gateway  
  144  9:14  Gateway  
  144  9:17  Zealot x4  
  144  9:22  Protoss Ground Weapons Level 3  
  150  9:31  Zealot x3  
  156  9:39  Zealot x2  
  156  9:40  Zealot x2  
  162  9:50  Templar Archives  
  162  9:57  Stalker x3  
  167  10:01  Photon Cannon, Warp Prism  
  167  10:02  Pylon  
  167  10:06  Photon Cannon  
  161  10:14  Psionic Storm  
  161  10:16  Zealot  
  161  10:19  Zealot x4  
  157  10:28  Immortal  
  157  10:30  Robotics Facility  
  157  10:31  Assimilator  
  157  10:33  Assimilator, High Templar x6  
  173  10:45  Shadow Stride, Probe x2  
  173  10:46  Probe x2  
  173  10:49  Archon, High Templar  
  171  10:58  Probe  
  171  11:02  Warp Prism  
  171  11:03  Dark Templar x4  
  178  11:06  Archon  
  180  11:18  Zealot x6  
  163  11:35  Probe, Zealot  
  163  11:36  Probe  
  163  11:37  Probe x2  
  159  11:41  Zealot x8  
  159  11:43  Probe  
  159  11:45  Archon  
  165  11:49  Pylon, Probe x3  
  165  11:50  Pylon  
  165  11:51  Probe  
  170  12:01  Immortal x2  
  170  12:06  High Templar x3  
  184  12:15  Assimilator  
  184  12:18  Pylon  
  184  12:22  High Templar x3  
  186  12:23  High Templar  
  186  12:27  Archon x2  
  184  12:30  Immortal  
  184  12:35  Observer  
  184  12:36  Probe x2  
  183  12:54  Zealot x5  
  183  12:55  Zealot x3  
  183  12:56  Observer  
  182  13:10  Observer  
  183  13:17  Warp Prism  
  181  13:20  High Templar  
  181  13:21  High Templar  
  181  13:22  High Templar x2  
  181  13:23  High Templar x2, Zealot x5  
  181  13:26  Archon x2  
  199  13:27  Archon  
  181  13:58  Protoss Ground Armor Level 1  
  181  13:59  Zealot x4  
  181  14:00  Dark Templar, Zealot x2  
  191  14:06  Zealot x4  
  191  14:07  Immortal  
  191  14:08  Immortal  
  98  14:20  High Templar x2  
  98  14:21  High Templar  
  98  14:22  High Templar x2, Zealot  
  108  14:28  Archon  
  108  14:32  Zealot x2  
  108  14:35  Immortal  
  108  14:37  Immortal  
  112  14:42  Dark Templar  
  112  14:45  Nexus, Pylon  
  117  14:59  Dark Templar x4  
  125  15:00  Zealot x6  
  125  15:04  Archon  
  125  15:05  Archon  
  136  15:14  Warp Prism  
  129  15:20  Probe x4  
  126  15:22  Dark Templar x3  
  125  15:29  Zealot x4  
  125  15:30  Immortal  
  125  15:32  Probe x3  
  125  15:35  Probe  
  141  15:37  Zealot  
  141  15:39  Nexus  
  141  15:40  Pylon  
  142  15:44  Probe x2  
  142  15:46  Photon Cannon, Shield Battery  
  142  15:48  Probe  
  145  16:04  High Templar x3  
  145  16:05  High Templar x3  
  145  16:08  Archon  
  145  16:09  Archon  
  137  16:11  Immortal  
  107  16:28  Dark Templar  
  107  16:29  Zealot x4  
  116  16:36  Probe x3  
  111  16:44  High Templar  
  113  16:47  Photon Cannon  
  113  16:48  Shield Battery, Probe  
  112  17:04  Dark Templar x2, Zealot x3  
  112  17:05  Zealot  
  124  17:09  Archon  
  110  17:34  Stalker x4  
  110  17:35  Stalker x3  
  105  17:49  Archon x2  
  105  17:50  Archon  
  85  17:53  Dark Templar  
Tags
 
Add a new tag
Caveats
  • Supply blocks, unpowered buildings, or Contaminate may cause inaccurate times.
  • Supply counts are checked every 10 seconds.